 Dungeon Crawl Stone Soup version 0.30-a0-772-g5528072125 (webtiles) character file.

Game seed: 15137522258003424310

203 Flugslaktarn the Chopper (level 5, -1/47 HPs)
             Began as a Minotaur Fighter on Feb 12, 2023.
             Slain by a bullfrog (4 damage)
             ... in a sewer.
             The game lasted 00:01:15 (2111 turns).

Flugslaktarn the Chopper (Minotaur Fighter)         Turns: 2111, Time: 00:01:16

Health: -1/47      AC:  9    Str: 21    XL:     5   Next: 51%
Magic:  4/4        EV:  7    Int:  5    God:
Gold:   73         SH:  4    Dex: 11    Spells: 4/4 levels left

rFire   . . .      SeeInvis .    a - +0 war axe
rCold   . . .      Faith    .    c - +0 buckler
rNeg    . . .      Spirit   .    m - +0 chain mail
rPois   .          Reflect  .    (helmet restricted)
rElec   .          Harm     .    (no cloak)
rCorr   .          Rampage  .    (no gloves)
Will    .....                    (no boots) Stlth
                                 (no amulet)
HPRegen 0.27/turn                (no ring)
MPRegen 0.09/turn                (no ring)

@: no status effects
A: horns 2, retaliatory headbutt
a: no special abilities


You were in a sewer.
You visited 1 branch of the dungeon, and saw 3 of its levels.
You also visited: Sewer.

You collected 73 gold pieces.

Inventory:

Hand Weapons
 a - a +0 war axe (weapon)
Armour
 c - a +0 buckler (worn)
 m - a +0 chain mail (worn)
   (You found it on level 2 of the Dungeon)
Jewellery
 n - a ring of ice
   (You found it on level 2 of the Dungeon)
Wands
 b - a wand of roots (6)
   (You found it on level 2 of the Dungeon)
Scrolls
 f - 3 scrolls of identify {unknown}
 i - 2 scrolls of teleportation {unknown}
 k - a scroll of acquirement {unknown}
 l - 2 scrolls of magic mapping {unknown}
 o - a scroll of fear {unknown}
Potions
 d - 2 potions of might
 e - 3 potions of brilliance
 g - a potion of ambrosia {unknown}
 h - a potion of berserk rage {unknown}
 j - a potion of heal wounds {unknown}
 p - 2 potions of mutation {unknown}
 q - 3 potions of curing
 r - a potion of attraction {unknown}


   Skills:
 + Level 4.8 Fighting
 * Level 5.3 Axes
 + Level 4.9 Armour
 - Level 3.6 Shields


You had 4 spell levels left.
You didn't know any spells.
Your spell library was empty.

Dungeon Overview and Level Annotations

Branches:
Dungeon (3/15)              Sewer (1/1)

Altars:
Elyvilon
Zin
The Shining One


Innate Abilities, Weirdness & Mutations

You have a pair of horns on your head.
You reflexively headbutt those who attack you in melee.


Message History

You miss the adder.
The ball python bites you but does no damage. x2
The ball python constricts you. The adder bites you.
You block the adder's attack. The bullfrog barely misses you.
The ball python bites you but does no damage.
The ball python constricts you. The adder bites you. x2
The ball python bites you. The adder bites you but does no damage.
You closely miss the ball python. You miss the adder.
You completely miss the adder. You hit the bullfrog but do no damage.
You completely miss the adder. You hit the ball python.
The bullfrog barely misses you.
The adder bites you but does no damage. x2
The ball python bites you but does no damage.
The ball python constricts you. You block the bullfrog's attack.
The adder bites you but does no damage. The ball python bites you.
You completely miss the ball python. Your headbutt misses the ball python.
You slash the adder!
You kill the adder!
You hit the ball python.
You kill the ball python!
You slash the adder!
You kill the adder!
You hit the adder. You closely miss the bullfrog. The bullfrog hits you.
The adder bites you.
The ball python bites you but does no damage.
The ball python constricts you.
The bullfrog hits you but does no damage. x2
The ball python bites you but does no damage.
You block the ball python's attack. The adder bites you.
The ball python bites you. The ball python constricts you.
The bullfrog hits you.
Your unstable footing causes you to fumble your attack.
You block the bullfrog's attack.
The ball python bites you but does no damage.
The bullfrog barely misses you. The adder bites you but does no damage.
The ball python bites you but does no damage. x2
The ball python constricts you. The bullfrog hits you.
The ball python bites you but does no damage.
The bullfrog hits you. The ball python bites you.
The adder bites you but does no damage.
You slash the ball python!
You kill the ball python!
You hit the ball python.
You kill the ball python!
You closely miss the adder. You closely miss the bullfrog. x2
You closely miss the ball python.
The bullfrog hits you but does no damage. x2
The ball python bites you. The ball python grabs you.
The ball python constricts you. The adder barely misses you.
The bullfrog hits you but does no damage. x2
You hit the ball python but do no damage.
You headbutt the ball python.
You kill the ball python!
You closely miss the bullfrog. You closely miss the adder.
You barely miss the bullfrog. The adder bites you but does no damage.
The bullfrog hits you but does no damage.
The bullfrog hits you. The adder completely misses you. The bullfrog hits you.
The bullfrog barely misses you.
You barely miss the adder.
The adder is heavily wounded.
You closely miss the bullfrog. You barely miss the bullfrog.
The bullfrog hits you. You block the adder's attack.
The bullfrog hits you but does no damage.
You block the bullfrog's attack. The adder bites you but does no damage.
You are too injured to fight recklessly!
The adder attacks as you move away! The adder bites you but does no damage.
The bullfrog hits you but does no damage.
You block the bullfrog's attack. The bullfrog hits you.
* * * LOW HITPOINT WARNING * * *
The bullfrog hits you but does no damage.
The adder barely misses you. You furiously retaliate!
You headbutt the adder!
You kill the adder!
The bullfrog barely misses you. Why would you want to do that?
The bullfrog hits you but does no damage.
The bullfrog hits you.
* * * LOW HITPOINT WARNING * * *
The bullfrog barely misses you.
The bullfrog hits you but does no damage.
The bullfrog hits you but does no damage.
The bullfrog hits you.
* * * LOW HITPOINT WARNING * * *
You block the bullfrog's attack.
It was a potion of curing.
You feel better.
q - 3 potions of curing;
j - a fizzy black potion The bullfrog barely misses you.
The bullfrog hits you.
* * * LOW HITPOINT WARNING * * *
You block the bullfrog's attack. The bullfrog hits you.
* * * LOW HITPOINT WARNING * * *
Unknown command.
You are too injured to fight recklessly!
You are too injured to fight recklessly!
You closely miss the bullfrog. You hit the bullfrog. The bullfrog hits you!
* * * LOW HITPOINT WARNING * * *
The bullfrog closely misses you.
The bullfrog hits you but does no damage. x2
You closely miss the bullfrog. Your headbutt misses the bullfrog.
You slash the bullfrog!
The bullfrog hits you but does no damage.
The bullfrog hits you.
You die...

#~≈~~≈≈#####
#~≈≈~~
#~≈~~≈≈#
#≈≈~~~
#≈≈~~~≈#
#≈~~≈≈
#≈~~~~≈#
#~≈≈≈≈
#≈~~≈≈≈#
#~~~≈≈
#≈≈~≈≈≈#
##†~~~
#≈~#≈≈≈#
#≈†.††
#~.~≈≈≈#
##~~~~
#≈@~≈≈≈#
#≈≈~~~
#≈FF~≈≈#
#≈≈~~~
#~#~≈≈≈#
#≈~≈~~
#≈†~~~≈#
#~~~~~
#≈≈≈†~≈#
#~~~~≈
#~≈~~~≈#
#≈~~≈≈
#~≈~#≈~#
#≈~~≈≈
#.~~~~.#
##~~~~
#......#
#.....


You could see 2 bullfrogs.

Vanquished Creatures
  8 adders
  5 river rats (Sewer)
  3 worms
  2 dart slugs
  2 bats
  4 endoplasms
  4 giant cockroaches
  2 goblins (D:2)
  2 hobgoblins
  3 kobolds
  3 quokkas
  19 ball pythons
  3 frilled lizards
  27 rats
87 creatures vanquished.

Notes
Turn   | Place    | Note
-------+----------+-------------------------------------------
     0 | D:1      | Flugslaktarn the Minotaur Fighter began the quest for the
                  | Orb.
     0 | D:1      | Reached XP level 1. HP: 19/19 MP: 0/0
   209 | D:1      | Reached XP level 2. HP: 18/27 MP: 1/1
   268 | D:1      | Found a faded altar of an unknown god.
   437 | D:1      | Reached skill level 3 in Axes
  1050 | D:2      | Reached XP level 3. HP: 33/33 MP: 2/2
  1331 | D:2      | Reached skill level 4 in Axes
  1454 | D:3      | Found a glowing golden altar of the Shining One.
  1454 | D:3      | Found a white marble altar of Elyvilon.
  1454 | D:3      | Found a glowing silver altar of Zin.
  1632 | D:3      | Reached XP level 4. HP: 36/40 MP: 3/3
  1657 | D:3      | Found a glowing drain.
  1664 | Sewer    | Entered a sewer
  1944 | Sewer    | Reached XP level 5. HP: 40/47 MP: 4/4
  1970 | Sewer    | Reached skill level 5 in Axes
  2111 | Sewer    | Slain by a bullfrog

Illustrated notes

Levels and vault maps discovered:
D:1:      psy_arrival_basics, layout_basic, chequers_ecumenical_altar_simple
D:2:      layout_rooms
D:3:      layout_rooms, good_gods_mini_temple, lemuel_doored_altar,
          gup_sewer_entry_bubbles, kennysheep_crisscross, dk_noncrumbling_2,
          amcnicky_mini_rare_corridor_liquid
Sewer:    sewer_minmay_w

Skill      XL: |  1  2  3  4  5 |
---------------+----------------+-----
Axes           | 3 4 5 |  5.3
Fighting       | 4 |  4.8
Armour         | 4 |  4.9
Shields        | |  3.6

Action                     |  1- 3 |  4- 6 || total
---------------------------+-------+-------++-------
  Melee: War axe           |    85 |    89 ||   174
         Headbutt          |     9 |     9 ||    18
    Use: Potion            |     1 |     1 ||     2
 Armour: Scale mail        |    30 |       ||    30
         Chain mail        |    12 |   119 ||   131
  Dodge: Dodged            |    34 |    57 ||    91
  Block: Buckler           |    15 |    33 ||    48

Table legend: (Time is in decaauts)
 A = Elapsed time spent in this place.
 B = Non-inter-level travel time spent in this place.
 C = Inter-level travel time spent in this place.
 D = Time resting spent in this place.
 E = Time spent auto-exploring this place.
 F = Levels seen in this place.
 G = Mean time per level.
                   A        B        C        D        E       F      G
               +--------+--------+--------+--------+--------+-----+--------+
         Total |   2229 |   2148 |     81 |    112 |   1511 |   4 |  557.2 |
       Dungeon |   1714 |   1633 |     81 |     22 |   1278 |   3 |  571.3 |
         Sewer |    515 |    515 |      0 |     90 |    233 |   1 |  515.0 |
               +--------+--------+--------+--------+--------+-----+--------+

Top non-repeatable levels by time:
     D:1: 897 daAuts
     D:2: 571 daAuts
   Sewer: 515 daAuts
     D:3: 245 daAuts
